 Dungeon Crawl Stone Soup version 0.30-b1-2-g02819fbbbe (webtiles) character file.

Game seed: 12840881239048348645

595 Borgoz the Slasher (level 7, 0/61 HPs)
             Began as a Minotaur Berserker on June 17, 2023.
             Was a Priest of Trog.
             Killed from afar by a smoke demon (5 damage)
             ... with a ball of steam
             ... on level 3 of the Abyss.
             The game lasted 00:05:51 (3122 turns).

Borgoz the Slasher (Minotaur Berserker)             Turns: 3122, Time: 00:05:51

Health: 0/61       AC: 13    Str: 21    XL:     7   Next: 16%
Magic:  6/6        EV: 12    Int:  4    God:    Trog [***...]
Gold:   121        SH:  0    Dex: 12    Spells: 6/6 levels left

rFire   + . .        a - +1 falchion
rCold   . . .        (no shield)
rNeg    . . .        o - +0 ring mail
rPois   .            (helmet restricted)
rElec   .            r - +2 cloak
rCorr   .            (no gloves)
SInv    .            (no boots)
Will    .....        (no amulet) Stlth
                     g - +4 ring of protection
HPRegen 0.30/turn    i - ring of protection from fire
MPRegen 0.10/turn

%: no passive effects
@: confused, on berserk cooldown, slowed, very slow
A: horns 2, retaliatory headbutt
a: Renounce Religion, Berserk, Trog's Hand


You were on level 3 of the Abyss.
You worshipped Trog.
Trog was most pleased with you.
You visited 1 branch of the dungeon, and saw 4 of its levels.
You visited the Abyss 1 time.

You collected 121 gold pieces.

Inventory:

Hand Weapons
 a - a +1 falchion (weapon)
Missiles
 n - 5 atropa-tipped darts (quivered)
Armour
 o - a +0 ring mail (worn)
 r - a +2 cloak (worn)
 s - a +0 scale mail
Jewellery
 g - a +4 ring of protection (left hand)
 i - a ring of protection from fire (right hand)
 q - a ring of positive energy
Wands
 p - a wand of flame (20)
Scrolls
 b - a scroll of noise {unknown}
 d - 5 scrolls of teleportation
 k - a scroll of poison {unknown}
 l - a scroll of amnesia {unknown}
Potions
 c - a potion of lignification
 e - a potion of heal wounds
 h - a potion of berserk rage
 j - a potion of invisibility {unknown}
 m - a potion of brilliance {unknown}
 t - a potion of haste {unknown}


   Skills:
 * Level 5.6 Fighting
 * Level 5.6 Long Blades
 * Level 4.8 Armour
 * Level 4.6 Dodging
 + Level 1.9 Stealth


You had 6 spell levels left.
You didn't know any spells.
Your spell library was empty.

Dungeon Overview and Level Annotations

Branches:
Dungeon (4/15)
 Temple: D:4-7

Altars:
Gozag

Annotations:
D:4 Edmund


Innate Abilities, Weirdness & Mutations

You have a pair of horns on your head.
You reflexively headbutt those who attack you in melee.


Message History

The chaos spawn is moderately wounded.
The smoke demon hits you but does no damage. x2
The smoke demon barely misses you.
You barely miss the chaos spawn. Your headbutt misses the chaos spawn.
The chaos spawn is moderately wounded.
The chaos spawn barely misses you.
You slash the chaos spawn!
The chaos spawn is severely wounded.
The smoke demon barely misses you.
The smoke demon hits you but does no damage.
The smoke demon misses you. The chaos spawn gores you!
You are confused.
You miss the chaos spawn.
The chaos spawn is heavily wounded.
The smoke demon hits you but does no damage.
The smoke demon barely misses you. x2
You are no longer berserk.
You are exhausted.
You feel yourself slow down. The chaos spawn gores you!
You blink.
The smoke demon gestures at you. The ball of steam hits you. You resist.
The chaos spawn gores you!
* * * LOW HITPOINT WARNING * * *
You are engulfed in flames.
You resist.
* * * LOW HITPOINT WARNING * * *
The chaos spawn attacks as you move away!
The chaos spawn gores you but does no damage.
The smoke demon hits you but does no damage. x2
The smoke demon barely misses you.
You miss the chaos spawn.
The chaos spawn is heavily wounded.
The smoke demon gestures at you. The sticky flame misses you.
The chaos spawn gores you but does no damage.
You miss the chaos spawn.
The chaos spawn is heavily wounded.
The smoke demon hits you but does no damage.
The smoke demon misses you. x2; The chaos spawn barely misses you.
The smoke demon gestures at you. The ball of steam hits you. You resist.
You die...

.#.# ###...#
##.....#
###....# ..##
##..#..#
.....####....#.#
####....§...####
#....#43§##.....
# .#..@#...##...
#..#..##.....#
#.. #..# ..#.##
# .# .. #.
#.#.#..# .# #
....4..........#
.#..#.. ....#...
. .............#
#
..#..##..#....#
....... . ## .
.#


You could see a smoke demon and a chaos spawn.

Vanquished Creatures
  2 scorpions (D:4)
  2 orc priests (D:4)
  Crazy Yiuf (D:3)
  Ijyb (D:3)
  A sleepcap (D:4)
  Jessica (D:3)
  An iguana (D:4)
  Natasha (twice) (D:3)
  3 orc wizards (D:4)
  Robin (D:3)
  3 adders
  3 worms
  3 dart slugs
  14 orcs
  6 ball pythons
  7 endoplasms
  3 giant cockroaches
  10 goblins
  9 hobgoblins
  2 jackals (D:1)
  8 kobolds
  6 quokkas
  3 bats
  6 frilled lizards
  5 rats
103 creatures vanquished.

Vanquished Creatures (others)
  A plant (Abyss:1)
1 creature vanquished.

Grand Total: 104 creatures vanquished

Notes
Turn   | Place    | Note
-------+----------+-------------------------------------------
     0 | D:1      | Borgoz the Minotaur Berserker began the quest for the Orb.
     0 | D:1      | Reached XP level 1. HP: 19/19 MP: 0/0
   145 | D:1      | Reached XP level 2. HP: 24/27 MP: 1/1
   423 | D:1      | Reached ** piety under Trog
   432 | D:1      | Reached XP level 3. HP: 33/33 MP: 2/2
  1202 | D:2      | Reached XP level 4. HP: 40/40 MP: 3/3
  1502 | D:3      | Noticed Natasha
  1510 | D:3      | Killed Natasha
  1610 | D:3      | Found a runed translucent door.
  1611 | D:3      | Noticed Crazy Yiuf
  1705 | D:3      | Noticed Jessica
  1709 | D:3      | Killed Jessica
  1710 | D:3      | Reached skill level 1 in Stealth
  1774 | D:3      | Reached XP level 5. HP: 46/47 MP: 4/4
  1822 | D:3      | Found an opulent altar of Gozag.
  1980 | D:3      | Noticed Robin
  1991 | D:3      | Reached *** piety under Trog
  1993 | D:3      | Killed Robin
  2275 | D:3      | Noticed Natasha
  2280 | D:3      | Killed Natasha
  2348 | D:3      | Noticed Ijyb
  2361 | D:3      | Killed Ijyb
  2512 | D:3      | Killed Crazy Yiuf
  2513 | D:3      | Reached skill level 5 in Long Blades
  2597 | D:4      | Reached skill level 5 in Fighting
  2597 | D:4      | Reached XP level 6. HP: 45/56 MP: 5/5
  2770 | D:4      | Reached XP level 7. HP: 51/61 MP: 6/6
  3005 | D:4      | Noticed Edmund
  3009 | Abyss:1  | Cast into level 1 of the Abyss (Edmund)
  3082 | Abyss:2  | Noticed an ancient zyme
  3084 | Abyss:3  | Found a viscous altar of Jiyva.
  3097 | Abyss:3  | Noticed a chaos spawn
  3107 | Abyss:3  | Noticed a smoke demon
  3118 | Abyss:3  | HP: 3/61 [chaos spawn (4)]
  3122 | Abyss:3  | Killed from afar by a smoke demon

Illustrated notes

Levels and vault maps discovered:
D:1:      amcnicky_arrival_abandoned_market, layout_basic
D:2:      layout_basic, grunt_ministairs_6, chequers_serial_rivers_micro_d
D:3:      layout_loops_corners, mainiacjoe_overflow_alcove_4, kennysheep_nub,
          minivault_24, uniq_ijyb, uniq_crazy_yiuf_cottage, uniq_natasha,
          uniq_jessica, uniq_robin
D:4:      layout_cave_pools, lemuel_doored_altar, tgw_sif, lemuel_tele_altar,
          makhleb_heckhound_becter, minmay_fractal_squares_gapless_5,
          uniq_edmund, uniq_duvessa
Abyss:3:  base:
Temple

Skill      XL: |  1  2  3  4  5  6 |
---------------+-------------------+-----
Long Blades    | 4 5 |  5.6
Armour         | 3 4 |  4.8
Fighting       | 4 5 |  5.6
Dodging        | 3 4 |  4.6
Stealth        | 1 |  1.9

Action                     |  1- 3 |  4- 6 |  7- 9 || total
---------------------------+-------+-------+-------++-------
  Melee: Falchion          |    90 |   177 |    19 ||   286
         Headbutt          |    12 |    20 |     2 ||    34
         Punch             |     1 |     3 |       ||     4
  Throw: Dart              |       |       |     1 ||     1
 Invoke: Berserk           |       |     4 |     1 ||     5
         Trog's Hand       |       |     1 |       ||     1
  Evoke: Wand              |       |       |     1 ||     1
    Use: Scroll            |     5 |     2 |     1 ||     8
         Potion            |       |     2 |       ||     2
   Stab: Invisible         |       |       |     1 ||     1
 Armour: Animal skin       |    16 |       |       ||    16
         Ring mail         |     3 |    58 |    15 ||    76
         Skin              |       |    83 |       ||    83
  Dodge: Dodged            |    58 |    73 |    20 ||   151
